 Dungeon Crawl Stone Soup version 0.28.0-47-ge53b351184 (webtiles) character file.

Game seed: 1003380911116550315

28863 warriortoast the Thaumaturge (level 13, -6/75 HPs)
             Began as a Deep Elf Fire Elementalist on Apr 25, 2022.
             Was a High Priest of Vehumet.
             Engulfed by an ice statue's freezing vapour (31 damage)
             ... in an ice cave on Apr 26, 2022.
             The game lasted 02:13:06 (22677 turns).

warriortoast the Thaumaturge (DEFE)                Turns: 22677, Time: 02:13:07

Health: -6/75      AC:  9    Str:  7    XL:     13   Next: 12%
Magic:  27/32      EV: 15    Int: 35    God:    Vehumet [*****.]
Gold:   779        SH: 11    Dex: 15    Spells: 6/38 levels left

rFire   x . .      SeeInvis +   k - +6 whip of Accord {holy, rF- rCorr Str+2 Int+9}
rCold   . . .      Faith    .   m - +3 warlock's mirror {reflect}
rNeg    . . .      Spirit   .   a - +0 robe
rPois   .          Reflect  +   (no helmet)
rElec   .          Harm     .   J - +2 cloak
rCorr   +          Rampage  .   M - +0 pair of gloves
Will    +....                   X - +2 pair of boots
Stlth   ++........              z - amulet of reflection
HPRegen 0.22/turn               u - ring of see invisible
MPRegen 0.23/turn               t - ring of wizardry

@: about to teleport, studying Poison Magic
A: no striking features
a: Renounce Religion


You were in an ice cave.
You worshipped Vehumet.
Vehumet was extremely pleased with you.
You visited 2 branches of the dungeon, and saw 14 of its levels.
You also visited: Bailey and Ice Cave.

You collected 779 gold pieces.

Inventory:

Hand Weapons
 f - a +1 short sword of flaming
 k - the +6 whip of Accord (weapon) {holy, rF- rCorr Str+2 Int+9}
   (You found it on level 6 of the Dungeon)

   It has been blessed by the Shining One to cause great damage to the undead
   and demons.
   Str:       It affects your strength (+2).
   Int:       It affects your intelligence (+9).
   rF:        It makes you vulnerable to fire.
   rCorr:     It protects you from acid and corrosion.
 l - a +3 quarterstaff of chaos
 n - a +2 vampiric short sword
 N - a +2 broad axe of flaming
Missiles
 c - 6 javelins
Armour
 a - a +0 robe (worn)
 i - an orb of mayhem
 m - the +3 warlock's mirror (worn) {reflect}
   (You found it in a bailey)

   It can block and reflect piercing ranged attacks and magical attacks against
   the wielder's willpower.
 J - a +2 cloak (worn)
 M - a +0 pair of gloves (worn)
 O - +0 swamp dragon scales
 X - a +2 pair of boots (worn)
Magical Staves
 H - a staff of death
Jewellery
 j - a ring of resist corrosion
 q - a ring of protection from cold
 t - a ring of wizardry (right hand)
 u - a ring of see invisible (left hand)
 z - an amulet of reflection (around neck)
 I - a ring of protection from fire
 L - a ring of poison resistance
 P - a ring of protection from cold
 S - a +4 ring of protection
 W - a ring of positive energy
Wands
 s - a wand of digging (6)
 w - a wand of flame (38)
 y - a wand of acid (18)
 A - a wand of charming (16)
 C - a wand of mindburst (11)
 D - a wand of polymorph (20)
 E - a wand of paralysis (21)
 Q - a wand of iceblast (8)
Scrolls
 b - 4 scrolls of identify
 g - a scroll of enchant armour
 T - 2 scrolls of fear
 U - a scroll of summoning
Potions
 d - 3 potions of flight
 e - 2 potions of attraction
 h - 3 potions of curing
 o - 4 potions of mutation
 p - 3 potions of brilliance
 r - 3 potions of berserk rage
 v - 2 potions of haste
 x - 3 potions of might
 B - 2 potions of lignification
 F - 2 potions of degeneration
 K - a potion of resistance


   Skills:
 - Level 6.4 Fighting
 - Level 4.9 Short Blades
 - Level 7.8 Dodging
 - Level 2.4 Stealth
 + Level 13.4 Spellcasting
 + Level 11.4 Conjurations
 + Level 8.5 Summonings
 - Level 9.7 Fire Magic
 - Level 3.1 Poison Magic
 - Level 7.0 Evocations


You had 6 spell levels left.
You knew the following spells:

 Your Spells              Type           Power      Damage    Failure   Level
a - Foxfire               Conj/Fire      100%       2x1d9     1%          1
b - Scorch                Fire           100%       2d10      1%          2
c - Conjure Flame         Conj/Fire      78%        6-21      1%          3
d - Inner Flame           Hex/Fire       55%        N/A       1%          3
e - Mephitic Cloud        Conj/Pois/Air  55%        N/A       1%          3
f - Flame Wave            Conj/Fire      78%        2d14      1%          4
g - Shock                 Conj/Air       100%       1d9       1%          1
h - Spellforged Servitor  Conj/Summ      37%        N/A       4%          7
i - Freezing Cloud        Conj/Ice/Air   25%        6-21      1%          5
j - Ignite Poison         Fire/Tmut/Pois 52%        N/A       1%          3

Your spell library contained the following spells:

 Spells                   Type           Power      Damage    Failure   Level
 Beastly Appendage        Tmut           46%        N/A       1%          1
 Sting                    Tmut/Pois      100%       1d8       1%          1
 Blink                    Tloc           46%        N/A       1%          2
 Poisonous Vapours        Pois/Air       68%        N/A       1%          2
 Sublimation of Blood     Necr           23%        N/A       1%          2
 Wereblood                Tmut           23%        N/A       1%          2
 Spider Form              Tmut/Pois      34%        N/A       1%          3
 Fulminant Prism          Conj/Hex       29%        3d14      1%          4
 Iskenderun's Mystic Bla  Conj/Tloc      59%        2d12      1%          4
 Olgreb's Toxic Radiance  Pois           45%        N/A       1%          4
 Tukima's Dance           Hex            23%        N/A       2%          3
 Lee's Rapid Deconstruct  Erth           11%        3d9*      8%          5
 Anguish                  Hex/Necr       11%        N/A       10%         4
 Animate Dead             Necr           11%        N/A       10%         4
 Leda's Liquefaction      Hex/Erth       11%        N/A       10%         4
 Passage of Golubria      Tloc           23%        N/A       10%         4
 Manifold Assault         Tloc           23%        N/A       26%         5
 Statue Form              Tmut/Erth      15%        N/A       78%         6
 Summon Hydra             Summ           35%        N/A       24%         7
 Enfeeble                 Hex            11%        N/A       100%        7
 Disjunction              Tloc           11%        N/A       100%        8


Dungeon Overview and Level Annotations

Branches:
Dungeon (10/15)            Temple (0/1) D:7            Lair (4/6) D:8
  Snake (0/4) Lair:4       Bailey (visited)           IceCv (1/1)
  Swamp: Lair:2-4    Shoals: Lair:2-4       Orc: D:9-12

Altars:
Cheibriados
Fedhas
Gozag
Hepliaklqana
Nemelex Xobeh
Okawaru
Qazlal
Uskayaw
Vehumet
Wu Jian
Xom
Yredelemnul
Zin
The Shining One

Shops:
D:5 :   D:9 *

Annotations:
D:10 3 runed translucent doors, NinjaNoafa's ghost, journeyman DrTm
Lair:2 3 runed translucent doors, Jingleheimer's ghost, novice TeFi; powzer's ghost, journeyman MiBe
Lair:3 1 runed translucent door, Ukav Olo's ghost, journeyman DsAK IceCv exclusion: 2 ice statues


Message History

The ice beast closely misses you.
As you read the scroll of teleportation, it crumbles to dust.
You feel strangely unstable.
The ice beast hits you but does no damage.
The ice beast barely misses you.
Casting: Scorch (safe; 1% risk of failure)
Confirm with . or Enter, or press ? or * to list all spells.
Casting: Flame Wave (safe; 1% risk of failure)
Press: ? - help, Dir - look around, f - activate A wave of flame ripples out!
The flame wave engulfs the ice beast!
The ice beast melts!
The ice beast is heavily wounded.
The flame wave engulfs the ice beast!
The ice beast melts!
The ice beast is heavily wounded.
You hear a sizzling sound! (Press . to intensify the flame waves.)
The ice beast is no longer more vulnerable to fire.
You block the ice beast's attack. The ice statue gestures at you.
The bolt of cold hits you!!
* * * LOW HITPOINT WARNING * * *
The ice beast hits you but does no damage.
A wave of flame ripples out!
The flame wave engulfs the ice beast!!
The ice beast melts!
You kill the ice beast!
The ice beast disappears in a puff of smoke!
The flame wave engulfs the ice beast!
The ice beast melts!
The ice beast is severely wounded.
You hear a sizzling sound! x2
Your surroundings seem slightly different.
The ice beast hits you but does no damage.
As you read the scroll of teleportation, it crumbles to dust.
You feel strangely unstable.
The ice beast hits you but does no damage.
The ice statue gestures at you. The freezing blast engulfs you!
* * * LOW HITPOINT WARNING * * *
Unknown command.
You feel much better.
You are engulfed in freezing vapours.
You die...

#### ##.#§#### ####
##...☼@☼8# #### ##..#
#...§§Y☼####..#####....
#....§..☼##....##......
#........☼..#.......∩.∩
##.........###.........
#.......#...##..##....
#......###§.#######..#
#......8 #○☼# ####
##.....##..##


You could see 2 ice statues and an ice beast (summoned).

Vanquished Creatures
  A hydra (Lair:2)
  Erica (Lair:2)
  2 two-headed ogres
  Sonja (Lair:2)
  Pikel (D:5)
  2 black mambas (Lair:4)
  Maurice (D:10)
  A gargoyle (Bailey)
  6 cane toads
  Maggie (D:10)
  A rime drake (Lair:4)
  4 komodo dragons
  A yaktaur (D:10)
  6 ice devils (IceCv)
  A troll (D:10)
  A polar bear (Lair:1)
  2 meliai (D:10)
  11 blink frogs
  4 dream sheep (Lair:1)
  2 vampires (Bailey)
  A basilisk (Lair:3)
  The ghost of abstractfish the Chopper, an amateur HOFi (D:4)
  3 fire bats (Lair:3)
  40 yaks
  2 wyverns
  A harpy simulacrum (IceCv)
  19 water moccasins
  5 orc warriors
  3 ice beasts
  2 sky beasts
  3 necrophages
  5 centaurs
  3 ogres
  10 wolves
  A phantom (D:4)
  A kobold brigand (D:7)
  Blork the orc (D:5)
  8 bullfrogs
  4 scorpions
  A two-headed ogre simulacrum (IceCv)
  A cane toad simulacrum (IceCv)
  A wyvern skeleton (D:6)
  A water moccasin skeleton (D:5)
  An elephant simulacrum (IceCv)
  8 vampire bats (Bailey)
  3 wights (D:8)
  2 howler monkeys
  9 wolf zombies (Bailey)
  A bullfrog zombie (D:4)
  4 centaur zombies
  3 orc priests
  2 hounds
  Crazy Yiuf (D:2)
  2 bullfrog skeletons
  Terence (D:2)
  2 iguanas
  13 orc wizards
  A troll simulacrum (IceCv)
  A polar bear simulacrum (IceCv)
  A wolf simulacrum (IceCv)
  A hound skeleton (D:5)
  A howler monkey zombie (D:9)
  3 gnolls
  2 naga simulacra (IceCv)
  10 adders
  3 white imps
  3 ufetubi
  An adder zombie (D:5)
  An adder skeleton (D:4)
  2 worms
  3 dart slugs
  45 orcs
  11 ball pythons
  6 endoplasms
  4 giant cockroaches
  8 goblins
  10 hobgoblins
  4 quokkas
  4 bats
  2 frilled lizards (D:1)
  11 kobolds
  21 orc zombies (Bailey)
  3 rats
381 creatures vanquished.

Vanquished Creatures (collateral kills)
  A meliai (D:10)
  A dream sheep (Lair:1)
  An orc warrior (D:6)
  An adder (D:4)
  17 foxfires (D:5)
21 creatures vanquished.

Vanquished Creatures (others)
  An angel (D:9)
  882 foxfires
  13 fungi
  23 plants
919 creatures vanquished.

Grand Total: 1321 creatures vanquished

Notes
Turn   | Place    | Note
-------+----------+-------------------------------------------
     0 | D:1      | warriortoast the Deep Elf Fire Elementalist began the quest
                  | for the Orb.
     0 | D:1      | Reached XP level 1. HP: 10/10 MP: 6/6
   471 | D:1      | Reached XP level 2. HP: 15/15 MP: 5/8
   845 | D:1      | Found a faded altar of an unknown god.
  1223 | D:2      | Found a radiant altar of Vehumet.
  1228 | D:2      | Reached XP level 3. HP: 19/19 MP: 5/10
  1261 | D:2      | Noticed Terence
  1526 | D:2      | Learned a level 2 spell: Scorch
  1530 | D:2      | Learned a level 3 spell: Conjure Flame
  1534 | D:2      | Learned a level 3 spell: Inner Flame
  1562 | D:2      | Killed Terence
  1563 | D:2      | Reached skill level 4 in Spellcasting
  1563 | D:2      | Reached XP level 4. HP: 24/24 MP: 6/12
  1669 | D:2      | Became a worshipper of Vehumet
  1966 | D:2      | Found a runed translucent door.
  1967 | D:2      | Noticed Crazy Yiuf
  1974 | D:2      | Killed Crazy Yiuf
  2849 | D:3      | Reached * piety under Vehumet
  2849 | D:3      | Offered knowledge of Freeze by Vehumet.
  2854 | D:3      | Learned a level 3 spell: Mephitic Cloud
  2947 | D:3      | Found a glowing golden altar of the Shining One.
  3091 | D:4      | Noticed a scorpion
  3101 | D:4      | Reached XP level 5. HP: 25/28 MP: 14/14
  3105 | D:4      | Reached skill level 5 in Spellcasting
  3105 | D:4      | Reached skill level 1 in Poison Magic
  3247 | D:4      | Noticed a centaur
  3355 | D:4      | Noticed a phantom
  3370 | D:4      | Reached XP level 6. HP: 25/32 MP: 6/16
  3649 | D:4      | Reached skill level 6 in Spellcasting
  3792 | D:4      | Found a runed translucent gate.
  3792 | D:4      | Found a runed translucent gate.
  3792 | D:4      | Found a runed translucent gate.
  3792 | D:4      | Noticed abstractfish's ghost (amateur HOFi)
  4099 | D:4      | Reached skill level 5 in Fire Magic
  4099 | D:4      | Reached XP level 7. HP: 36/36 MP: 10/18
  4222 | D:4      | Found a hazy altar of Hepliaklqana.
  4342 | D:5      | Entered Level 5 of the Dungeon
  4516 | D:5      | Reached skill level 5 in Conjurations
  4590 | D:5      | Learned a level 4 spell: Flame Wave
  4756 | D:5      | Found Juras's Book Boutique.
  4800 | D:5      | Reached skill level 7 in Spellcasting
  4993 | D:5      | Reached skill level 1 in Short Blades
  4993 | D:5      | Reached skill level 1 in Evocations
  5042 | D:5      | Noticed Pikel
  5052 | D:5      | Killed Pikel
  5053 | D:5      | Reached XP level 8. HP: 45/45 MP: 3/20
  5245 | D:5      | Offered knowledge of Shock by Vehumet.
  5384 | D:5      | Reached ** piety under Vehumet
  5581 | D:5      | Found a blossoming altar of Fedhas.
  5603 | D:5      | Noticed Blork the orc
  5675 | D:4      | Found a sparkling altar of Nemelex Xobeh.
  5922 | D:5      | Killed Blork the orc
  6427 | D:5      | Found a snail-covered altar of Cheibriados.
  6628 | D:6      | Learned a level 1 spell: Shock
  6636 | D:6      | Noticed a two-headed ogre
  6650 | D:6      | Killed a two-headed ogre
  6651 | D:6      | Reached skill level 5 in Evocations
  6651 | D:6      | Reached XP level 9. HP: 26/52 MP: 7/21
  7887 | D:6      | Identified the +6 whip of Accord {holy, rF- rCorr Str+2
                  | Int+9}
  8092 | D:6      | Found an ornate altar of the Wu Jian Council.
  8262 | D:6      | Found a hide-covered altar of Uskayaw.
  8676 | D:7      | Reached skill level 8 in Spellcasting
  8964 | D:7      | Found a staircase to the Ecumenical Temple.
  9541 | D:8      | Found a staircase to the Lair.
  9656 | D:8      | Found a stormy altar of Qazlal.
  9667 | D:8      | Offered knowledge of Frozen Ramparts by Vehumet.
  9674 | D:8      | Reached XP level 10. HP: 56/56 MP: 9/24
 10367 | D:9      | Found a basalt altar of Yredelemnul.
 10641 | D:9      | Reached *** piety under Vehumet
 10791 | D:9      | Found Zercheif's General Store.
 10849 | D:9      | Found an iron altar of Okawaru.
 11112 | D:9      | Found a shimmering altar of Xom.
 11113 | D:9      | Noticed an angel
 11123 | D:9      | Found a glowing silver altar of Zin.
 11159 | D:9      | Reached skill level 9 in Spellcasting
 11167 | D:9      | Killed an angel
 11242 | D:9      | Offered knowledge of Sticky Flame by Vehumet.
 11378 | D:9      | Noticed a two-headed ogre
 11401 | D:9      | Killed a two-headed ogre
 12092 | D:10     | Entered Level 10 of the Dungeon
 12093 | D:10     | Identified a scroll of acquirement
 12093 | D:10     | Acquired the Volume of Warped Moulding
 12194 | D:10     | Reached skill level 5 in Dodging
 12205 | D:10     | Reached skill level 10 in Spellcasting
 12215 | D:10     | Reached skill level 5 in Fighting
 12338 | D:10     | HP: 2/59 [yak (14)]
 12408 | D:10     | Found a runed translucent gate.
 12409 | D:10     | Found a runed translucent gate.
 12409 | D:10     | Found a runed translucent gate.
 12410 | D:10     | Found an opulent altar of Gozag.
 12410 | D:10     | Noticed a deep elf archer
 12410 | D:10     | Noticed a purple ugly thing
 12410 | D:10     | Noticed NinjaNoafa's ghost (journeyman DrTm)
 12431 | D:10     | Noticed Maurice
 12444 | D:10     | Killed Maurice
 12447 | D:10     | Reached XP level 11. HP: 13/64 MP: 16/27
 12451 | D:10     | Reached **** piety under Vehumet
 12463 | D:10     | Found a flagged portal.
 12538 | Bailey   | Entered a bailey
 13100 | Bailey   | Offered knowledge of Stone Arrow by Vehumet.
 13378 | Bailey   | Found the +3 warlock's mirror {reflect}
 13557 | Bailey   | HP: 2/64 [something (8)]
 14729 | D:10     | Reached skill level 11 in Spellcasting
 15186 | D:10     | Noticed Maggie
 15196 | D:10     | Killed Maggie
 15853 | D:4      | Killed abstractfish's ghost
 16077 | Lair:1   | Entered Level 1 of the Lair of Beasts
 16982 | Lair:1   | Reached ***** piety under Vehumet
 16982 | Lair:1   | Offered knowledge of Spellforged Servitor by Vehumet.
 16991 | Lair:1   | Learned a level 7 spell: Spellforged Servitor
 17092 | Lair:1   | Reached skill level 1 in Summonings
 18006 | Lair:2   | Reached XP level 12. HP: 60/71 MP: 10/29
 18382 | Lair:2   | Reached skill level 5 in Summonings
 18394 | Lair:2   | Noticed a five-headed hydra
 18515 | Lair:2   | Got Kikubaaqudgha's Tome of Unholy Rites
 18767 | Lair:2   | Killed a five-headed hydra
 18837 | Lair:2   | Noticed Sonja
 18842 | Lair:2   | Killed Sonja
 19149 | Lair:2   | Learned a level 5 spell: Freezing Cloud
 19313 | Lair:2   | Noticed Erica
 19314 | Lair:2   | Found a runed translucent gate.
 19314 | Lair:2   | Found a runed translucent gate.
 19322 | Lair:2   | Killed Erica
 19324 | Lair:2   | Found a runed translucent gate.
 19403 | Lair:2   | Noticed Jingleheimer's ghost (novice TeFi)
 19403 | Lair:2   | Noticed powzer's ghost (journeyman MiBe)
 19711 | Lair:3   | Reached skill level 10 in Conjurations
 19929 | Lair:3   | Found a runed translucent door.
 19968 | Lair:3   | Noticed Ukav Olo's ghost (journeyman DsAK)
 20025 | Lair:3   | Reached skill level 12 in Spellcasting
 20636 | Lair:3   | Identified the +1 chain mail "Porafig" {rElec}
 21286 | Lair:3   | Learned a level 3 spell: Ignite Poison
 21981 | Lair:4   | Reached skill level 13 in Spellcasting
 22120 | Lair:4   | Found a staircase to the Snake Pit.
 22134 | Lair:4   | Reached XP level 13. HP: 44/75 MP: 11/32
 22170 | Lair:4   | Found a frozen archway.
 22187 | IceCv    | Entered an ice cave
 22676 | IceCv    | HP: 3/75 [ice statue/freezing blast (14)]
 22677 | IceCv    | Engulfed by an ice statue's freezing vapour

Illustrated notes

Levels and vault maps discovered:
D:1:      giann_wishing_wells, layout_basic, chequers_ecumenical_altar_twisty,
          minmay_misc_feat_rugged, hangedman_decor_growths
D:2:      layout_basic, basic_altar, amcnicky_mini_pool_small,
          uniq_crazy_yiuf_cottage, uniq_terence
D:3:      layout_loops_ring, lemuel_coloured_pillars_altar,
          chequers_hall_statues_wall_a, chequers_serial_rivers_room_a
D:4:      layout_rooms, nicolae_overflow_hidden_temple, lemuel_tele_altar,
          gammafunk_ghost_split
D:5:      layout_basic, fedhas_bush_and_centaur_altar, cheibrodos_worm_habitat,
          serial_shops, nicolae_shop_trees, uniq_pikel, uniq_blork_the_orc
D:6:      layout_rooms, general_overflow_altar,
          nicolae_wu_jian_immortal_techniques
D:7:      layout_rooms, minmay_temple_entry_wispy, sigmund_army
D:8:      layout_rooms, mainiacjoe_overflow_chevrons, lair_entry_dummy,
          roderic_lattice_a
D:9:      layout_stronghold, grunt_temple_overflow_order_and_chaos_1,
          mainiacjoe_overflow_small_starburst, okawaru_altar_gauntlet_db,
          serial_shops, nicolae_shop_stone, serial_bayou_crossing
D:10:     layout_loops_corners, enter_bailey_5, ebering_ghost_gozag,
          item_on_display_a, uniq_maggie, uniq_maurice
Lair:1:   layout_long_grid, grunt_megastairs_1
Lair:2:   layout_roguey, gammafunk_ghost_cemetery, grunt_megastairs_2,
          uniq_erica, uniq_sonja
Lair:3:   layout_gridlike, ebering_ghost_reflecting_pool
Lair:4:   layout_gridlike, minmay_shoals_entry_hut,
          minmay_snake_entry_six_corridors, portal_ice_cave_entry_pillars_1
IceCv:    ice_cave_small_demon

Skill      XL: |  1  2  3  4  5  6  7  8  9 10 11 12 |
---------------+-------------------------------------+-----
Conjurations   | 2 3 4 5 6 8 11 | 11.4
Spellcasting   | 4 5 6 7 8 10 11 13 | 13.4
Fire Magic     | 4 5 6 8 9 |  9.7
Poison Magic   | 2 3 |  3.1
Short Blades   | 3 4 |  4.9
Evocations     | 3 5 6 7 |  7.0
Fighting       | 2 4 5 6 |  6.4
Dodging        | 5 7 |  7.8
Summonings     | 4 8 |  8.5
Stealth        | |  2.4

Action                   |  1- 3 |  4- 6 |  7- 9 | 10-12 | 13-15 || total
-------------------------+-------+-------+-------+-------+-------++-------
Melee: Short sword       |       |     4 |       |       |       ||     4
       Whip              |       |       |       |    23 |       ||    23
 Cast: Foxfire           |    79 |   122 |   181 |   204 |       ||   586
       Scorch            |       |    11 |    63 |   308 |    17 ||   399
       Conjure Flame     |       |     5 |    11 |    32 |       ||    48
       Mephitic Cloud    |       |     1 |     7 |    57 |       ||    65
       Inner Flame       |       |       |     2 |       |       ||     2
       Shock             |       |       |     3 |    67 |     7 ||    77
       Flame Wave        |       |       |       |    12 |     7 ||    19
       Freezing Cloud    |       |       |       |    20 |       ||    20
       Ignite Poison     |       |       |       |     4 |       ||     4
Evoke: Wand              |       |       |       |     2 |       ||     2
  Use: Scroll            |       |    10 |    11 |     6 |     2 ||    29
       Potion            |       |       |       |     4 |     2 ||     6
Armor: Robe              |     2 |     3 |     5 |    20 |     5 ||    35
Dodge: Dodged            |     2 |     3 |    25 |    81 |     8 ||   119
Block: Buckler           |       |       |       |    43 |     6 ||    49
       Reflection        |       |       |       |     6 |       ||     6
